 Dungeon Crawl Stone Soup version 0.27.0-1-g7a089689b8 (webtiles) character file.

Game seed: 2330608274582314513

38 ABBCCCDDDD the Skirmisher (level 3, -5/30 HPs)
             Began as a Djinni Fighter on Aug 5, 2021.
             Was a Follower of Qazlal.
             Slain by a kobold (14 damage)
             ... on level 2 of the Dungeon.
             The game lasted 00:01:37 (1496 turns).

ABBCCCDDDD the Skirmisher (Djinni Fighter)          Turns: 1496, Time: 00:01:37

Health: -5/30      AC:  6    Str: 16    XL:     3   Next: 65%
Gold:   65         EV:  6    Int:  9    God:    Qazlal [*.....] SH: 10 Dex: 12

rFire    + + .     SeeInvis .   a - +0 long sword
rCold    x . .     Faith    .   c - +0 kite shield
rNeg     . . .     Spirit   .   b - +0 scale mail
rPois    ∞         Reflect  .   (no helmet)
rElec    .         Harm     .   (no cloak)
rCorr    .         Rampage  .   (no gloves)
Will     .....                  (boots unavailable)
Stlth    ..........             (no amulet)
HPRegen  0.10/turn              (no ring)
MPRegen  0.00/turn              (no ring)

@: flying
A: sickness immunity, fire resistance 2, cold vulnerability 1, float, innate
caster, hp casting, extra vitality 1
a: Renounce Religion


You were on level 2 of the Dungeon.
You worshipped Qazlal.
Qazlal was aware of your devotion.
You visited 1 branch of the dungeon, and saw 2 of its levels.

You collected 65 gold pieces.

Inventory:

Hand Weapons
 a - a +0 long sword (weapon)
Armour
 b - a +0 scale mail (worn)
 c - a +0 kite shield (worn)
Scrolls
 e - a scroll of enchant armour {unknown}
 f - 3 scrolls of holy word {unknown}
 h - 2 scrolls of teleportation {unknown}
 i - a scroll of torment {unknown}
Potions
 d - 2 potions of might
 g - a potion of berserk rage {unknown}
 j - a potion of lignification {unknown}


   Skills:
 + Level 3.4 Fighting
 * Level 3.0 Long Blades
 - Level 3.0 Armour
 - Level 3.0 Shields


You had one spell level left.
You knew the following spells:

 Your Spells              Type           Power      Damage    Failure   Level
a - Foxfire               Conj/Fire      0%         2x1d4     100%        1
Your spell library was empty.


Dungeon Overview and Level Annotations

Branches:
Dungeon (2/15)

Altars:
Qazlal


Innate Abilities, Weirdness & Mutations

You are immune to sickness and miasma.
You are immune to poison.
Your flesh is very heat resistant. (rF++)
You are vulnerable to cold. (rC-)
You float through the air rather than walking.
You learn spells naturally, not from books.
Your magical power is your life essence.
You have superior vitality. (+4 HP)


Message History

Qazlal accepts your kill.
You hit the quokka.
You kill the quokka!
Qazlal accepts your kill.
Your Long Blades skill increases to level 3!
No target in view!
No target in view!
You see here a quokka corpse.
Found a club.
You see here a +0 club.
Found a stone staircase leading down.
You hear a shout!
A kobold comes into view.
It is wielding a +2 short sword of electrocution.
The kobold shouts!
Found 28 sling bullets.
There is a stone staircase leading down here.
The kobold hits you with a +2 short sword of electrocution.
You closely miss the kobold. The kobold hits you but does no damage.
The kobold barely misses you.
You riposte.
You miss the kobold. You closely miss the kobold.
The kobold hits you with a +2 short sword of electrocution.
You barely miss the kobold. The kobold hits you but does no damage.
The kobold hits you with a +2 short sword of electrocution.
You are electrocuted!
You hit the kobold.
The kobold is moderately wounded.
The kobold hits you with a +2 short sword of electrocution.
You are too injured to fight recklessly!
You are too injured to fight recklessly!
You are too injured to fight recklessly!
Press: ? - help, v - describe, . - travel The floor.
Unknown command.
You hit the kobold.
The kobold is severely wounded.
The kobold hits you but does no damage.
The kobold hits you with a +2 short sword of electrocution.
* * * LOW HITPOINT WARNING * * *
You are electrocuted!
You die...

....##... ..#.....#
.#############.....#
..# #.....# ..#
###.### #.# #.# .#
#.# #.#.. ####.####
..... #....>..#
.##.. #.##@##.# .#
#.(K.# # .# #..###
.# #.. .####### ##
#......# #.####.#
#.####.# .........


You could see a kobold.

Vanquished Creatures
  A dart slug (D:1)
  3 endoplasms
  A giant cockroach (D:1)
  4 goblins (D:1)
  2 hobgoblins (D:1)
  2 jackals (D:2)
  A quokka (D:2)
  2 ball pythons (D:1)
  7 bats
  4 frilled lizards (D:1)
  4 kobolds (D:1)
  3 rats
34 creatures vanquished.

Notes
Turn   | Place    | Note
-------+----------+-------------------------------------------
     0 | D:1      | ABBCCCDDDD the Djinni Fighter began the quest for the Orb.
     0 | D:1      | Reached XP level 1. HP: 20/20 MP: 0/0
    72 | D:1      | Found a faded altar of an unknown god.
    74 | D:1      | Became a worshipper of Qazlal Stormbringer
    74 | D:1      | Reached * piety under Qazlal
   221 | D:1      | Reached XP level 2. HP: 25/25 MP: 0/0
   580 | D:1      | Reached XP level 3. HP: 27/30 MP: 0/0
   580 | D:1      | Learned a level 1 spell: Foxfire
  1496 | D:2      | Slain by a kobold

Illustrated notes

Levels and vault maps discovered:
D:1:      dpeg_arrival_rhombi, layout_basic, chequers_ecumenical_altar_twisty,
          kennysheep_crisscross
D:2:      layout_loops_cross, serial_shops, shop_fountains, uniq_jessica

Skill      XL: |  1  2  3 |
---------------+----------+-----
Long Blades    | 2 3 |  3.0
Fighting       | |  3.4
Armour         | |  3.0
Shields        | |  3.0

Action                   || total
-------------------------++-------
Melee: Long sword        ||   114
Armor: Scale mail        ||    59
Dodge: Dodged            ||    33
Block: Kite shield       ||    83
       Rpst.: Long sword ||    10
